Map: Tête de pont EC (Void)

Players

Ayjilanth - Winner!

  • Race: Protoss Protoss
  • League: Gold

IIIIIIIIIIII

  • Race: Terran Terran
  • League: Gold

VOD

Have the link to the VOD?

Description

chargelots archon storm PvT
macro game
should've added some immortals in the mix and better split my army ...

Time

  • Played on: Sept. 27, 2015, 11:14 a.m.
  • Length: 17:38
Show
View Real Time Build Order
Export as new Build Order

Ayjilanth Protoss - Winner!

Build Orders:  

Get SALT Encoding   

  12  0:00  Probe (Chrono Boost)  
  13  0:10  Probe (Chrono Boost)  
  14  0:21  Probe (Chrono Boost)  
  14  0:22  Pylon  
  15  0:39  Probe (Chrono Boost)  
  15  0:40  Gateway  
  16  0:49  Probe (Chrono Boost)  
  17  0:51  Assimilator  
  17  0:58  Assimilator  
  17  0:59  Probe (Chrono Boost)  
  17  1:04  Pylon  
  18  1:09  Probe (Chrono Boost)  
  19  1:19  Probe (Chrono Boost)  
  20  1:28  Cybernetics Core  
  20  1:29  Probe (Chrono Boost)  
  21  1:39  Probe (Chrono Boost)  
  24  1:54  Probe (Chrono Boost)  
  24  2:09  Nexus  
  24  2:11  Mothership Core (Chrono Boost)  
  25  2:18  Stalker (Chrono Boost)  
  25  2:20  Warp Gate (Chrono Boost)  
  27  2:30  Pylon  
  27  2:35  Probe  
  28  2:47  Stalker (Chrono Boost)  
  30  2:58  Robotics Facility  
  30  2:59  Probe  
  31  3:11  Probe  
  32  3:15  Sentry  
  34  3:23  Probe x2  
  36  3:33  Probe  
  36  3:36  Probe  
  36  3:37  Gateway  
  38  3:42  Probe  
  38  3:45  Gateway, Observer (Chrono Boost)  
  40  3:49  Probe  
  40  3:52  Probe  
  42  3:56  Stalker (Chrono Boost)  
  42  4:01  Probe  
  42  4:02  Probe  
  45  4:05  Observer  
  47  4:12  Probe  
  47  4:13  Probe  
  47  4:14  Pylon  
  47  4:15  Pylon  
  49  4:25  Twilight Council  
  49  4:26  Observer  
  49  4:29  Twilight Council  
  49  4:30  Probe  
  49  4:31  Probe  
  51  4:36  Assimilator  
  51  4:37  Assimilator  
  52  4:41  Stalker, Probe  
  52  4:42  Probe  
  56  4:51  Probe, Pylon  
  56  4:52  Stalker  
  58  4:54  Probe  
  60  5:01  Probe  
  60  5:05  Charge (Chrono Boost)  
  60  5:07  Probe  
  62  5:11  Probe  
  63  5:19  Probe  
  64  5:22  Probe  
  64  5:26  Templar Archives  
  65  5:36  Forge  
  65  5:37  Forge  
  65  5:47  Adept x3  
  71  5:52  Nexus  
  71  6:04  Pylon, Protoss Ground Armor Level 1 (Chrono Boost)  
  71  6:06  Pylon, Protoss Ground Weapons Level 1 (Chrono Boost)  
  71  6:12  Psionic Storm, Pylon  
  71  6:21  High Templar  
  71  6:23  Zealot x2  
  77  6:36  Probe  
  77  6:37  Probe, Assimilator  
  79  6:41  Assimilator  
  79  6:46  Stalker  
  81  6:48  Probe  
  81  6:49  Probe  
  83  7:01  Probe x2  
  83  7:05  Probe  
  86  7:09  Zealot x3  
  86  7:13  Probe  
  86  7:14  Probe  
  86  7:15  Probe  
  94  7:16  Pylon  
  94  7:19  Gateway  
  94  7:21  Gateway, Pylon  
  94  7:22  Pylon  
  95  7:25  Probe, Pylon  
  95  7:26  Probe  
  97  7:32  Adept x2  
  97  7:33  Adept  
  100  7:46  Nexus  
  100  7:51  Pylon  
  100  7:55  Protoss Ground Weapons Level 2 (Chrono Boost)  
  100  7:57  Probe  
  100  7:59  Probe  
  102  8:08  Gateway  
  102  8:09  Gateway  
  102  8:11  Probe  
  103  8:22  Adept x2  
  103  8:23  Adept  
  107  8:42  Blink  
  107  8:47  High Templar x5  
  117  8:53  Protoss Ground Armor Level 2 (Chrono Boost)  
  110  9:16  Zealot  
  110  9:17  Zealot  
  108  9:23  Archon x2  
  108  9:24  Archon  
  108  9:27  Zealot x5  
  118  9:42  Nexus  
  118  9:45  High Templar x2  
  122  10:01  Zealot  
  122  10:02  Zealot x4  
  114  10:23  Zealot  
  114  10:24  Zealot x5  
  114  10:25  Zealot  
  123  10:33  Probe  
  124  10:45  Probe  
  124  10:47  Nexus  
  124  10:48  High Templar x3  
  131  10:57  Probe  
  131  11:01  Pylon  
  132  11:09  Probe  
  133  11:13  Photon Cannon  
  133  11:14  Probe x2  
  135  11:19  Pylon, High Templar x2  
  135  11:20  High Templar  
  135  11:21  Probe, Zealot x4  
  135  11:23  Archon  
  149  11:34  Probe  
  148  11:40  Probe  
  148  11:46  High Templar  
  151  11:48  Zealot x4  
  159  11:58  Photon Cannon  
  159  12:00  Probe  
  159  12:02  Probe x3  
  159  12:04  Assimilator  
  159  12:05  Assimilator  
  159  12:08  Gateway  
  163  12:09  Gateway  
  163  12:10  Probe  
  163  12:13  Gateway  
  163  12:14  Probe  
  165  12:17  High Templar x5  
  165  12:20  Archon  
  165  12:21  Archon  
  173  12:37  Warp Prism (Chrono Boost)  
  175  12:45  Pylon  
  175  12:57  Pylon  
  175  13:00  Archon  
  175  13:01  Archon  
  175  13:07  Zealot x6  
  187  13:13  Robotics Bay  
  187  13:14  Robotics Facility  
  173  13:54  Zealot x7  
  159  14:05  Archon  
  159  14:06  Archon  
  145  14:13  Colossus x2  
  145  14:14  Protoss Ground Weapons Level 3 (Chrono Boost), Protoss Ground Armor Level 3 (Chrono Boost)  
  145  14:17  Zealot x6  
  153  14:18  Zealot  
  153  14:22  Mothership Core  
  167  14:43  Zealot, High Templar x2  
  171  14:52  Stalker x2  
  175  14:53  Stalker, Shield Upgrade (Chrono Boost)  
  171  15:02  Zealot x3  
  171  15:03  Nexus, Zealot  
  171  15:13  Pylon  
  169  15:15  Assimilator  
  169  15:17  Assimilator  
  169  15:24  Pylon  
  169  15:25  Zealot  
  171  15:43  Adept x3  
  171  15:44  Adept x5  
  171  15:45  Adept x2  
  191  15:52  Pylon  
  191  16:03  High Templar x2  
  168  16:19  Adept x2  
  168  16:20  Adept x6  
  179  16:32  Colossus  
  181  16:40  Probe x4  
  181  16:41  Probe  
  186  16:47  High Templar x5  
  186  16:50  High Templar  
  186  16:51  Archon x3  
  186  16:52  Probe x2  
  192  17:23  Zealot x3  
  192  17:24  Zealot  
  186  17:32  Adept x6  
Show
View Real Time Build Order
Export as new Build Order

IIIIIIIIIIII Terran 

Build Orders:  

Get SALT Encoding   

  12  0:01  SCV  
  13  0:13  SCV  
  14  0:17  Supply Depot  
  14  0:25  SCV  
  15  0:39  SCV  
  16  0:44  Barracks  
  16  0:49  Refinery  
  16  0:51  SCV  
  17  1:03  SCV  
  18  1:15  SCV  
  19  1:31  Orbital Command  
  19  1:33  Barracks Reactor  
  19  1:50  Command Center  
  19  1:59  SCV  
  20  2:07  Barracks  
  20  2:10  Supply Depot  
  20  2:11  SCV, Marine  
  20  2:14  Marine  
  23  2:32  SCV  
  23  2:34  Barracks  
  25  2:39  Marine  
  25  2:43  Marine  
  27  2:44  SCV  
  26  2:53  Engineering Bay  
  26  2:56  SCV, Barracks Tech Lab  
  26  2:57  Marine  
  28  3:03  Orbital Command  
  28  3:06  Marine  
  28  3:08  SCV  
  30  3:17  Refinery  
  30  3:20  SCV  
  30  3:23  Stimpack  
  31  3:29  Barracks Tech Lab, Marauder  
  31  3:32  SCV  
  31  3:33  SCV  
  35  3:36  Marine x2  
  37  3:44  SCV  
  37  3:45  SCV  
  39  3:50  Terran Infantry Weapons Level 1, Factory  
  38  3:56  SCV  
  38  3:58  SCV  
  38  4:01  Marauder  
  38  4:02  Marauder  
  44  4:08  SCV  
  45  4:10  SCV  
  45  4:11  Supply Depot  
  46  4:20  Supply Depot  
  46  4:33  SCV x2, Marauder x2, Marine x2  
  46  4:36  Supply Depot, Factory Reactor  
  54  4:45  SCV x2  
  56  4:47  Barracks  
  56  4:50  Marine x2  
  56  4:51  Supply Depot  
  58  4:54  Refinery  
  58  4:57  SCV x2, Concussive Shells  
  58  4:59  Marauder  
  62  5:04  Marauder  
  64  5:08  Marine x2  
  64  5:09  SCV x2  
  68  5:19  Starport  
  68  5:23  Marauder  
  68  5:25  SCV, Marauder  
  68  5:26  SCV  
  74  5:31  Refinery  
  74  5:34  Marine x2  
  76  5:38  SCV x2  
  78  5:46  Barracks Tech Lab  
  78  5:50  Supply Depot  
  78  5:52  Supply Depot, Terran Infantry Armor Level 1  
  78  6:05  Supply Depot  
  78  6:12  SCV x2, Marauder x2, Marine x2  
  78  6:13  Supply Depot, Medivac x2  
  78  6:14  Supply Depot, Marauder  
  92  6:24  Supply Depot, SCV x2  
  94  6:25  Missile Turret  
  94  6:28  Missile Turret  
  94  6:33  Marauder x2  
  94  6:35  Supply Depot, Marauder  
  94  6:36  Supply Depot, SCV x2, Marine x2  
  104  6:54  Marine  
  104  6:55  Marauder  
  106  7:04  Command Center  
  106  7:07  Medivac x2  
  106  7:08  Marine, Marauder x2  
  114  7:12  Marine  
  116  7:16  Marauder  
  116  7:21  Supply Depot  
  118  7:23  Supply Depot  
  118  7:27  Marine  
  118  7:29  Marine, Marauder  
  123  7:30  Marauder  
  124  7:38  Marauder  
  121  7:46  Medivac x2  
  121  7:51  Marauder x2  
  129  7:55  Supply Depot x2  
  129  7:59  Armory, Engineering Bay, Marauder  
  129  8:03  Supply Depot x2  
  131  8:08  Barracks  
  131  8:12  Marauder x2  
  132  8:20  Marauder  
  111  8:29  Orbital Command  
  111  8:31  SCV x2  
  111  8:33  Marauder  
  111  8:34  Medivac x2, Marauder  
  121  8:42  Marauder  
  121  8:43  SCV, Marine x2  
  126  8:51  SCV  
  126  8:55  SCV, Marauder  
  130  8:59  Terran Infantry Weapons Level 2, Barracks  
  130  9:00  Terran Infantry Armor Level 2  
  130  9:01  Barracks  
  130  9:03  SCV, Marauder  
  114  9:29  Barracks Tech Lab, Marauder x2  
  118  9:32  Barracks  
  118  9:33  SCV x3  
  121  9:40  Supply Depot x2  
  121  9:41  Medivac x2  
  121  9:42  Supply Depot  
  121  9:44  Command Center  
  125  9:46  Starport  
  125  9:48  Marauder x2  
  125  9:50  Barracks Tech Lab, Marauder  
  125  9:51  Marauder  
  133  10:09  Marauder x2  
  133  10:11  Medivac x2  
  133  10:12  Marauder x2  
  100  10:35  Marauder  
  100  10:36  Marauder x4  
  100  10:37  Barracks Tech Lab  
  106  10:43  Refinery  
  106  10:44  SCV, Ghost Academy  
  106  10:45  SCV x2, Ghost Academy  
  106  10:46  Refinery  
  109  10:50  Supply Depot  
  109  10:56  SCV  
  115  10:57  SCV x2, Marauder x3  
  115  10:58  SCV  
  115  11:01  Missile Turret  
  119  11:05  Combat Shields  
  119  11:07  Marine x2  
  119  11:08  SCV  
  119  11:10  Starport Reactor  
  122  11:15  Bunker, Medivac x2  
  126  11:20  SCV x4, Barracks Tech Lab  
  130  11:30  Marauder  
  130  11:31  Marauder x4  
  130  11:32  SCV  
  141  11:33  Marine  
  141  11:34  Marine  
  143  11:46  Orbital Command  
  143  11:48  SCV  
  143  11:49  SCV x2  
  144  11:55  Marauder x3  
  144  11:56  Marauder x3  
  144  11:57  Marine x2  
  144  12:01  SCV  
  159  12:05  Terran Infantry Weapons Level 3  
  159  12:10  Terran Infantry Armor Level 3  
  157  12:16  Bunker  
  157  12:19  Marauder x2  
  157  12:20  Marine x2  
  163  12:29  Marauder  
  167  12:30  Marine x2, Bunker, Marauder  
  169  12:43  Marauder  
  169  12:44  Marine x2, Marauder x2  
  176  12:47  Medivac x2  
  176  12:48  Marauder  
  183  12:53  Marauder  
  183  12:55  Ghost  
  183  12:56  Ghost  
  189  12:59  SCV  
  190  13:05  Medivac  
  190  13:06  Medivac  
  194  13:13  Ghost x2  
  194  13:15  Ghost  
  146  14:03  Marauder x2  
  146  14:04  Marauder x4, Marine x3  
  110  14:21  Marine  
  110  14:22  Marauder, Marine  
  91  14:25  Marauder x4, Refinery, Marine x2  
  91  14:27  Refinery  
  100  14:37  Medivac x2  
  102  14:39  Marine x2  
  102  14:42  Command Center  
  102  14:43  Marauder, Marine  
  101  14:46  Marine  
  84  15:01  Marauder x4  
  84  15:05  Marauder  
  74  15:07  Medivac x2  
  74  15:08  Marine x2  
  80  15:21  Marauder  
  80  15:22  Marauder x3  
  80  15:23  Marauder  
  80  15:25  Ghost  
  90  15:43  Marauder x3  
  90  15:44  Marauder x2  
  90  15:45  Marine  
  90  15:46  Marine  
  102  15:54  Marauder  
  104  16:04  Marauder  
  104  16:05  Marauder x3  
  104  16:06  Marauder  
  104  16:16  Marauder  
  87  16:25  Ghost, Orbital Command  
  87  16:26  Ghost, Marauder x3  
  87  16:37  Marauder  
  85  16:47  Marauder  
  85  16:48  Marauder x2  
  85  16:51  Medivac x2  
  95  16:55  Marauder x2  
  95  16:59  Marauder  
  101  17:07  Orbital Command  
  103  17:08  Marauder  
  103  17:09  Marauder x2  
  107  17:16  Marauder  
Tags
 
Add a new tag
Caveats
  • Supply blocks, unpowered buildings, or Contaminate may cause inaccurate times.
  • Supply counts are checked every 10 seconds.